[Event "Early-Titled-Tuesday-Blitz-January-23-2024"]
[Site "Chess.com"]
[Date "2024.01.23"]
[Round "4"]
[White "biostatistician"]
[Black "Nemegejas"]
[Result "1-0"]
[WhiteElo "2596"]
[BlackElo "2882"]
[TimeControl "180+1"]
[EndTime "8:37:50 PST"]
[Termination "biostatistician won by resignation"]

1. d4 c6 2. c4 d5 3. cxd5 cxd5 4. Nc3 Nf6 5. Bf4 Nc6 6. e3 Bg4 7. Qb3 Qd7 8. Bb5 e6 9. h3 Bh5 10. Rc1 Bd6 11. Nge2 Bxe2 12. Nxe2 Bxf4 13. Nxf4 Rc8 14. Nd3 O-O 15. O-O Qd6 16. Bxc6 bxc6 17. Rc2 Rc7 18. Rfc1 Rfc8 19. Qb4 Qd8 20. Ne5 Qe8 21. Qa4 g6 22. Rxc6 Kg7 23. b3 h5 24. Rxc7 Rxc7 1-0

[Event "Early-Titled-Tuesday-Blitz-January-23-2024"]
[Site "Chess.com"]
[Date "2024.01.23"]
[Round "4"]
[White "UK_23"]
[Black "xakevicius91"]
[Result "0-1"]
[WhiteElo "2384"]
[BlackElo "2579"]
[TimeControl "180+1"]
[EndTime "8:37:51 PST"]
[Termination "xakevicius91 won by resignation"]

1. e4 c5 2. Nf3 a6 3. g3 d6 4.
Bg2 Nc6 5. O-O Bg4 6. h3 Bh5 7. c3 Qd7 8. Kh2 Nf6 9. Re1 e5 10. Na3 Be7 11. Nc2 O-O 12. d4 cxd4 13. cxd4 Rad8 14. b3 Bg6 15. Nh4 Rfe8 16. Bb2 Bf8 17. Nxg6 hxg6 18. Qd3 b5 19. Rad1 Qb7 20. d5 Nb8 21.
Ne3 Nbd7 22. b4 Nb6 23. Rc1 Rc8 24. a3 Be7 25. h4 Rxc1 26. Rxc1 Rc8 27. Bh3 Rc7 28. f3 Qb8 29. Rc6 Rxc6 30. dxc6 Qc7 31. Nd5 Nfxd5 32. exd5 f5 33. Bc1 Bd8 34. Be3 Nc4 35.
Bf2 Qf7 36. a4 Bc7 37. axb5 axb5 38. Bg2 Kf8 39. f4 e4 40. Qd4 Bb6 41. Qxb6 Nxb6 42. Bxb6 Qxd5 43. c7 Qc6 44. Bf1 Ke7 45. Bxb5 Qb7 46.
Kg2 e3+ 47. Kf1 Qf3+ 0-1

[Event "Early-Titled-Tuesday-Blitz-January-23-2024"]
[Site "Chess.com"]
[Date "2024.01.23"]
[Round "4"]
[White "samirliberec"]
[Black "Mistango"]
[Result "1-0"]
[WhiteElo "2354"]
[BlackElo "2513"]
[TimeControl "180+1"]
[EndTime "8:37:51 PST"]
[Termination "samirliberec won by checkmate"]

1. e4 c5 2. Nf3 d6 3. Bb5+ Nd7 4. O-O a6 5. Bxd7+ Bxd7 6. h3 Nf6 7. Re1 e5 8. c3 Bc6 9. d3 Be7 10. Bg5 O-O 11.
Nbd2 b5 12. a4 Nd7 13. Bxe7 Qxe7 14. axb5 axb5 15. Rxa8 Rxa8 16. d4 c4 17. d5 Bb7 18. b4 Nb6 19. Nh2 Ra2 20. Nb1 Qd8 21. Qg4 g6 22. f4 Nd7 23. Nf3 exf4 24. Qxf4 Qb6+ 25. Qe3 Qxe3+ 26. Rxe3 f6 27. g4 Nb6 28. g5 fxg5 29. Nxg5 Na4 30. Ne6 Ra1 31. Rf3 Rxb1+ 32.
Kh2 h5 33. Rf8+ Kh7 34. Rf7+ Kg8 35. Rf8+ Kh7 36. Rf7+ Kh6 37. h4 g5 38. hxg5+ Kg6 39. Rg7# 1-0

[Event "Early-Titled-Tuesday-Blitz-January-23-2024"]
[Site "Chess.com"]
[Date "2024.01.23"]
[Round "4"]
[White "noblerone"]
[Black "simonachess"]
[Result "1-0"]
[WhiteElo "2528"]
[BlackElo "2332"]
[TimeControl "180+1"]
[EndTime "8:37:52 PST"]
[Termination "noblerone won by resignation"]

1. d4 Nf6 2. c4 e6 3. Nc3 Bb4 4. Qb3 Qe7 5. Bd2 a5 6. a3 Bxc3 7. Qxc3 Ne4 8. Qc2 Nxd2 9. Qxd2 a4 10. g3 O-O 11. Bg2 c6 12. e4 d5 13. Ne2 dxe4 14.
Bxe4 e5 15. d5 cxd5 16. Bxd5 Be6 17. Nc3 Bh3 18. O-O-O Nc6 19. Rhe1 Rfe8 20. f4 Qc5 21. Qe3 Qxe3+ 22. Rxe3 exf4 23. Rxe8+ Rxe8 24. gxf4 Bg4 25. Bxc6 bxc6 26. Rd6 h6 27. Nxa4 Re1+ 28. Kc2 Rh1 29.
Rd2 Rf1 30. Kc3 Rxf4 31. Nc5 Rf3+ 32. Kb4 Re3 33. a4 Re8 34. a5 Ra8 35. a6 Kf8 36. Ka5 Ke7 37. Kb6 Bc8 38. b4 Bxa6 39. Nxa6 f5 40. b5 f4 41. Kxc6 g5 42. Nc7 Rc8 43. b6 f3 44. b7 Rb8 45. Na6 Rxb7 46. Kxb7 g4 47. c5 h5 48. c6 h4 49. c7 g3 50.
c8=Q 1-0

[Event "Early-Titled-Tuesday-Blitz-January-23-2024"]
[Site "Chess.com"]
[Date "2024.01.23"]
[Round "4"]
[White "Andrej2004"]
[Black "Boninknights"]
[Result "1-0"]
[WhiteElo "2634"]
[BlackElo "2352"]
[TimeControl "180+1"]
[EndTime "8:37:54 PST"]
[Termination "Andrej2004 won by resignation"]

1. Nf3 Nf6 2. c4 g6 3. b3 Bg7 4.
Bb2 O-O 5. g3 b6 6. Bg2 Bb7 7.
O-O c5 8. Nc3 Na6 9. e3 d5 10.
Ne5 e6 11. d4 Qe7 12. dxc5 Nxc5 13. cxd5 exd5 14. Nf3 Rfd8 15. Nd4 Nfe4 16. Nxe4 dxe4 17. Ba3 Qe5 18. b4 Nd3 19. Qa4 Qd5 20. Rad1 Qxa2 21. Rxd3 exd3 22. Bxb7 Rab8 23. Nc6 Bb2 24. Nxd8 Rxd8 25.
Qxa7 Qxa3 26. Qxb6 Rf8 27. b5 d2 28. Bf3 Bg7 29. Qc6 Qb2 30. b6 Rb8 31. b7 Bc3 32.
Qc8+ 1-0

[Event "Early-Titled-Tuesday-Blitz-January-23-2024"]
[Site "Chess.com"]
[Date "2024.01.23"]
[Round "4"]
[White "VladimirKramnik"]
[Black "twofoxniel"]
[Result "1-0"]
[WhiteElo "2928"]
[BlackElo "2693"]
[TimeControl "180+1"]
[EndTime "8:37:55 PST"]
[Termination "VladimirKramnik won by checkmate"]

1. e4 d5 2. exd5 Nf6 3. d4 Bg4 4. Bb5+ Nbd7 5. Be2 Bxe2 6. Qxe2 Nxd5 7. Nf3 e6 8. O-O Be7 9. c4 N5f6 10. Nc3 O-O 11. Bf4 c6 12. Rad1 Re8 13. Ne5 Nf8 14.
Rd3 Ng6 15. Bg3 Qa5 16. h4 Rad8 17. Rfd1 Bb4 18. h5 Ne7 19. Bh4 Nf5 20. Bxf6 gxf6 21. Ng4 Be7 22. Ne4 Kg7 23. h6+ Kh8 24. Nexf6 Rf8 25. d5 cxd5 26. cxd5 Qc7 27. g3 Bc5 28. Kg2 exd5 29. Rxd5 Rxd5 30. Rxd5 Nd4 31. Qe4 Qc6 32. Qxh7# 1-0

[Event "Early-Titled-Tuesday-Blitz-January-23-2024"]
[Site "Chess.com"]
[Date "2024.01.23"]
[Round "4"]
[White "Actuary44"]
[Black "NowInChess"]
[Result "1-0"]
[WhiteElo "2510"]
[BlackElo "2278"]
[TimeControl "180+1"]
[EndTime "8:37:56 PST"]
[Termination "Actuary44 won on time"]

1. e4 e6 2. d4 d5 3. e5 c5 4.
dxc5 Nc6 5. f4 Bxc5 6. Nf3 Nge7 7. Bd3 Bd7 8. Nc3 Nb4 9. Qe2 Nxd3+ 10. Qxd3 Qb6 11. Bd2 Bf2+ 12. Kf1 Nf5 13. g4 Nh4 14. Nxh4 Bxh4 15. Be3 Qb4 16. Kg2 d4 17. Bxd4 Bc6+ 18. Ne4 Rd8 19. c3 Qxb2+ 20. Kh3 Be7 21. Rhb1 Qa3 22.
Rb3 Qa6 23. Qxa6 bxa6 24. Ng3 O-O 25. f5 h5 26. Nxh5 exf5 27. gxf5 Bd7 28. Ng3 g6 29.
Kg4 Kh7 30. Kf4 gxf5 31. Nxf5 Bxf5 32. Kxf5 Rg8 33. Rb7 Rg5+ 34. Kf4 Rdg8 35. Rxe7 Rg4+ 36. Ke3 Rh4 37. Rxf7+ Kg6 38. Rf6+ Kg7 39. Rg1+ Kh7 40. Rf7+ 1-0

[Event "Early-Titled-Tuesday-Blitz-January-23-2024"]
[Site "Chess.com"]
[Date "2024.01.23"]
[Round "4"]
[White "wild3000"]
[Black "Harry_Rakkel"]
[Result "0-1"]
[WhiteElo "2430"]
[BlackElo "2659"]
[TimeControl "180+1"]
[EndTime "8:37:57 PST"]
[Termination "Harry_Rakkel won by checkmate"]

1. d4 Nf6 2. c4 e6 3. Nf3 b6 4. e3 Bb7 5. Nc3 Bb4 6. Be2 Ne4 7.
Qc2 Nxc3 8. bxc3 Be7 9. O-O d6 10. a4 Nc6 11. Bd3 Na5 12. Nd2 Qd7 13. Ba3 c5 14. Be4 Rc8 15. Bxb7 Qxb7 16. Rab1 O-O 17. Qd3 Qc6 18. Rb5 Rfd8 19. d5 Qd7 20. e4 Rb8 21. Qc2 Bf6 22. Nf3 Nxc4 23. Bc1 exd5 24. exd5 Re8 25.
Bg5 Na3 26. Qd3 c4 27. Qd2 Bxg5 28. Qxg5 Nxb5 29. axb5 h6 30. Qf4 Qxb5 31. Qxd6 Rbd8 32. Qc7 Rd7 33. Qf4 Qxd5 34. Nd4 Qe4 35. Qg3 Rd5 36.
h3 Rg5 37. Qc7 Qxg2# 0-1

[Event "Early-Titled-Tuesday-Blitz-January-23-2024"]
[Site "Chess.com"]
[Date "2024.01.23"]
[Round "4"]
[White "Arlo2024"]
[Black "SirStrateg"]
[Result "0-1"]
[WhiteElo "2304"]
[BlackElo "2630"]
[TimeControl "180+1"]
[EndTime "8:37:58 PST"]
[Termination "SirStrateg won on time"]

1. e4 d6 2. d4 Nf6 3. Nc3 c6 4. Nf3 Bg4 5. h3 Bh5 6. Bd3 e6 7. Ne2 Bxf3 8. gxf3 d5 9. e5 Nh5 10. h4 g6 11. Ng3 Nxg3 12. fxg3 h5 13. f4 Qb6 14. c3 c5 15. Be3 Qxb2 16. O-O c4 17. Qc2 Qxc2 18. Bxc2 Nc6 19. Rfb1 O-O-O 20. a4 Be7 21.
Rb5 Kc7 22. Rab1 Rb8 23. a5 a6 24. Rb6 Nxa5 25. Bxg6 fxg6 26. Rxe6 Kd7 27. Rxg6 Rbg8 28. Rxg8 Rxg8 29. Kh2 b5 30. f5 Nc6 31. Ra1 a5 32.
e6+ Ke8 33. Rf1 Bf6 34. Bg5 Ke7 35. Kh3 b4 36. g4 hxg4+ 37. Kxg4 bxc3 38. Kh5 Nxd4 39. Kh6 c2 40. Rg1 Nxf5+ 41. Kh7 Rg7+ 0-1

[Event "Early-Titled-Tuesday-Blitz-January-23-2024"]
[Site "Chess.com"]
[Date "2024.01.23"]
[Round "4"]
[White "nihalsarin"]
[Black "Janosik"]
[Result "1-0"]
[WhiteElo "3187"]
[BlackElo "2842"]
[TimeControl "180+1"]
[EndTime "8:37:59 PST"]
[Termination "nihalsarin won by resignation"]

1. g4 d5 2. Bg2 c6 3. g5 e5 4. d4 Nd7 5. h4 Bd6 6. c4 Ne7 7. cxd5 cxd5 8. Nc3 e4 9. Nh3 O-O 10. Bf4 Nb6 11. Bxd6 Qxd6 12. e3 Ng6 13. h5 Nh4 14. Nf4 Nxg2+ 15. Nxg2 Bf5 16. Nf4 Rac8 17. Qb3 Rfd8 18.
O-O-O Nc4 19. Kb1 Nb6 20. Rc1 Rc4 21. h6 g6 22. a3 a6 23. Rc2 Be6 24. Rhc1 Rdc8 25.
Na4 Nxa4 26. Rxc4 dxc4 27. Qxa4 b5 28. Qb4 Qd8 29. d5 Bf5 30. Qc3 f6 31. Rd1 Qd6 32. Ne6 Bxe6 33. Qxf6 Qd7 34. Qxe6+ Qxe6 35. dxe6 Re8 36. Rd6 Kf8 37. Rxa6 Ke7 38. Rb6 Rf8 39.
Rxb5 Rxf2 40. Rb7+ Kxe6 41. Rxh7 Rg2 42. Rg7 Rxg5 43. h7 Rh5 44. Rxg6+ Kf7 45. Rc6 Kg7 46. Rxc4 1-0

[Event "Early-Titled-Tuesday-Blitz-January-23-2024"]
[Site "Chess.com"]
[Date "2024.01.23"]
[Round "4"]
[White "Duhless"]
[Black "sokidze"]
[Result "1-0"]
[WhiteElo "3130"]
[BlackElo "2834"]
[TimeControl "180+1"]
[EndTime "8:38:00 PST"]
[Termination "Duhless won on time"]

1. d4 d5 2. Nf3 Nf6 3. Bf4 e6 4. e3 Bd6 5. Nbd2 O-O 6. Bd3 c5 7. c3 Bxf4 8. exf4 b6 9. h4 Ba6 10. Bxa6 Nxa6 11. h5 h6 12. Ne5 cxd4 13. cxd4 Ne4 14. Qa4 Nc7 15. Rc1 Rc8 16. Ndf3 a5 17. O-O f6 18. Nc6 Qd7 19. Rc2 Na6 20. Rfc1 Nac5 21.
dxc5 Nxc5 22. Rxc5 bxc5 23. Rxc5 Qd6 24. Qc2 Rc7 25.
Nfd4 Qxf4 26. Nxe6 1-0

[Event "Early-Titled-Tuesday-Blitz-January-23-2024"]
[Site "Chess.com"]
[Date "2024.01.23"]
[Round "4"]
[White "ChessGiantYouTube"]
[Black "rhungaski"]
[Result "0-1"]
[WhiteElo "2218"]
[BlackElo "2504"]
[TimeControl "180+1"]
[EndTime "8:38:00 PST"]
[Termination "rhungaski won by resignation"]

1. g3 g6 2. Bg2 Bg7 3. d3 Nf6 4. e3 O-O 5. Ne2 d6 6. h3 e5 7. Nd2 Re8 8. b3 d5 9. Bb2 c6 10. a3 a5 11. c4 h5 12. Qc2 Na6 13. O-O Bd7 14. Nc3 Be6 15. e4 Qd7 16. Kh2 Rad8 17. Rad1 h4 18. g4 d4 19. Ne2 g5 20. Nf3 Nh7 21.
Bc1 f6 22. Bd2 b6 23. b4 axb4 24. axb4 c5 25. b5 Nc7 26. Ra1 Ra8 27. Qb2 Bf8 28.
Rxa8 Rxa8 29. Ra1 Qc8 30. Nc1 Bd6 31. Rxa8 Qxa8 32. Qa2 Qxa2 33. Nxa2 Nxb5 34. cxb5 Bxa2 35. Ne1 Bb3 36. Bf1 Ba4 37. Nc2 Bxc2 0-1

[Event "Early-Titled-Tuesday-Blitz-January-23-2024"]
[Site "Chess.com"]
[Date "2024.01.23"]
[Round "4"]
[White "andrzej"]
[Black "arnash_bauyrzhan"]
[Result "1-0"]
[WhiteElo "2385"]
[BlackElo "2193"]
[TimeControl "180+1"]
[EndTime "8:38:00 PST"]
[Termination "andrzej won by resignation"]

1. e4 c5 2. Nf3 e6 3. d4 cxd4 4.
Nxd4 a6 5. c4 Nf6 6. Nc3 Bb4 7.
e5 Ne4 8. Qd3 Nxc3 9. bxc3 Be7 10. Qg3 g6 11. h4 d6 12. h5 dxe5 13. hxg6 fxg6 14. Nxe6 Bxe6 15. Qxe5 Kf7 16. Qe3 Nc6 17.
Bd2 Bf6 18. Bd3 Qd7 19. O-O-O Rad8 20. Bc2 Bxc4 21. Qg3 Ne5 22. Bf4 Bd3 23. Bxe5 Bxe5 24. Qxe5 Qa4 25. Bxa4 1-0

[Event "Early-Titled-Tuesday-Blitz-January-23-2024"]
[Site "Chess.com"]
[Date "2024.01.23"]
[Round "4"]
[White "vugarrasulov"]
[Black "luckyswitchback"]
[Result "1-0"]
[WhiteElo "2941"]
[BlackElo "2707"]
[TimeControl "180+1"]
[EndTime "8:38:01 PST"]
[Termination "vugarrasulov won by resignation"]

1. e4 c6 2. d4 d5 3. Nc3 dxe4 4.
Nxe4 Nf6 5. Nxf6+ exf6 6. c3 Bd6 7. Bd3 O-O 8. Qc2 Re8+ 9. Ne2 h5 10. O-O h4 11. h3 Nd7 12. Bd2 Nf8 13. Rae1 Bc7 14. c4 Ne6 15. Bc3 g6 16. Kh1 Ng7 17. Ng1 Rxe1 18.
Rxe1 Bf5 19. Nf3 Bxd3 20. Qxd3 Nf5 21. Kg1 Qd6 22. Re4 Rd8 23. Qe2 Kg7 24. Kf1 b6 25. Ke1 a5 26. a4 Rd7 27. Kd1 Rd8 28. Kc2 Qd7 29. Nxh4 Nxh4 30. Rxh4 c5 31. Kb3 cxd4 32. Rxd4 Qf5 33. g4 Qc5 34. Qd3 Rxd4 35. Qxd4 Qe7 36. g5 Be5 37. gxf6+ Kxf6 38. Qh4+ g5 39. Qh8+ Kf5 40.
Qxe5+ Qxe5 41. Bxe5 Kxe5 42. c5 bxc5 43. Kc4 Kd6 44.
Kb5 f5 45. Kxa5 Kc6 46. f3 f4 47. b3 c4 48. Kb4 cxb3 49. Kxb3 Kc5 50. Kc3 Kd5 51.
Kd3 Kc5 52. Ke4 Kb4 53. Kf5 g4 54. hxg4 1-0

[Event "Early-Titled-Tuesday-Blitz-January-23-2024"]
[Site "Chess.com"]
[Date "2024.01.23"]
[Round "4"]
[White "nickmatta"]
[Black "Durarbayli"]
[Result "0-1"]
[WhiteElo "2576"]
[BlackElo "2883"]
[TimeControl "180+1"]
[EndTime "8:38:02 PST"]
[Termination "Durarbayli won by resignation"]

1. Nf3 Nf6 2. g3 b6 3. Bg2 Bb7 4. O-O e6 5. c4 c5 6. Nc3 Be7 7.
Re1 d6 8. e4 Nbd7 9. d4 cxd4 10.
Nxd4 Qc8 11. b3 a6 12. Bb2 O-O 13. Rc1 Re8 14. h3 Bf8 15. f4 g6 16. g4 e5 17.
Nde2 exf4 18. Nxf4 Bh6 19. Rf1 Nxe4 20. Nxe4 Bxe4 21. Qd4 Qc5 22. Qxc5 Nxc5 23. Nd5 Bxc1 24. Nf6+ Kf8 25. Nxh7+ Ke7 26. Bf6+ Kd7 27. Rxc1 Bxg2 28. Kxg2 Re2+ 29. Kf3 Rxa2 30. Bd4 Nxb3 31. Nf6+ Kc6 32. Rd1 Nd2+ 33. Kg3 Nxc4 34. h4 b5 35. h5 gxh5 36. gxh5 Rd2 37. Rxd2 Nxd2 38. h6 Rh8 39. Ng4 Rh7 40. Bg7 f5 41. Nf6 Ne4+ 42. Nxe4 fxe4 43. Kf4 d5 44. Ke3 b4 45. Kd4 a5 46. Bf8 b3 47. Kc3 a4 48. Bg7 Kb5 49. Kd4 b2 0-1

[Event "Early-Titled-Tuesday-Blitz-January-23-2024"]
[Site "Chess.com"]
[Date "2024.01.23"]
[Round "4"]
[White "Muslim_player_05"]
[Black "Meri-Arabidze"]
[Result "0-1"]
[WhiteElo "2523"]
[BlackElo "2716"]
[TimeControl "180+1"]
[EndTime "8:38:02 PST"]
[Termination "Meri-Arabidze won by resignation"]

1. d4 Nf6 2. c4 e6 3. Nc3 Bb4 4. e3 b6 5. Bd3 Bb7 6. Nf3 O-O 7.
Bd2 d5 8. cxd5 exd5 9. Rc1 a6 10. O-O Bd6 11. Ne5 Nbd7 12. f4 c5 13. Qf3 Qe7 14. g4 cxd4 15. exd4 Bb4 16. g5 Ne4 17. Nxd5 Bxd5 18.
Bxb4 Qxb4 19. Bxe4 Qxd4+ 20. Rf2 Bxe4 21. Nc6 Bxc6 22. Rxc6 g6 23. Kg2 Rfe8 24. Rcc2 Nc5 25. Rce2 Rad8 26. Rxe8+ Rxe8 27. h4 Qe4 28. h5 gxh5 29.
b4 Qxf3+ 30. Kxf3 Nd3 31. Rh2 Nxb4 32. Rxh5 Nxa2 33. Rh6 Re6 34. Rh2 Nb4 35. Rd2 a5 36. f5 Re8 37. Rd6 Rb8 38. Kf4 b5 39. Ke5 a4 40. g6 hxg6 41. fxg6 a3 42. Kf6 a2 43.
gxf7+ Kf8 44. Rd1 Rb6+ 0-1

[Event "Early-Titled-Tuesday-Blitz-January-23-2024"]
[Site "Chess.com"]
[Date "2024.01.23"]
[Round "4"]
[White "Eloist"]
[Black "GeorgiosSouleidis"]
[Result "0-1"]
[WhiteElo "2429"]
[BlackElo "2652"]
[TimeControl "180+1"]
[EndTime "8:38:03 PST"]
[Termination "GeorgiosSouleidis won on time"]

1. e4 c5 2. Nf3 e6 3. d4 cxd4 4. Nxd4 Nf6 5. Nc3 Nc6 6. Be3 Bb4 7. Bd3 d5 8. exd5 Nxd5 9. Nxc6 bxc6 10. Bd2 Qa5 11.
O-O Nxc3 12. bxc3 Bxc3 13. Bxc3 Qxc3 14. Qf3 g6 15. Rab1 O-O 16. Rb3 Qc5 17. Qf6 Re8 18. Rfb1 e5 19. Rb8 Be6 20. Rxa8 Rxa8 21. h4 Re8 22. h5 Qe7 23. Qf3 Bxa2 24. Ra1 Bd5 25. Qe3 e4 26. Rxa7 Qe5 27. Be2 gxh5 28. c4 Be6 29. Qh6 Bg4 0-1

[Event "Early-Titled-Tuesday-Blitz-January-23-2024"]
[Site "Chess.com"]
[Date "2024.01.23"]
[Round "4"]
[White "Heinza9"]
[Black "campochess"]
[Result "1-0"]
[WhiteElo "2313"]
[BlackElo "2102"]
[TimeControl "180+1"]
[EndTime "8:38:03 PST"]
[Termination "Heinza9 won by resignation"]

1. e4 c5 2. Nf3 Nc6 3. Bb5 e5 4. O-O Nge7 5. Re1 a6 6. Bf1 d6 7. c3 Bg4 8. h3 Bh5 9. g4 Bg6 10. d4 Qc7 11. d5 Nb8 12. c4 Nd7 13. Nc3 Nc8 14. a3 Be7 15. b4 b6 16. Be3 O-O 17. h4 h5 18. g5 Kh8 19. b5 a5 20. Bh3 Bd8 21. Qd3 Ne7 22. Kh1 Ng8 23. Rg1 Re8 24. Bf5 Nf8 25. Nd2 Ne7 26. Bh3 Bh7 27. Rae1 Nfg6 28.
Nf3 Nf4 29. Bxf4 exf4 30. Bf5 Nxf5 31. exf5 Be7 32. g6 fxg6 33. fxg6 Bg8 34. Qd2 Bf6 35. Ne4 Rxe4 36. Rxe4 Qd7 37. Kh2 Rf8 38. Rxf4 Re8 39. Rxf6 1-0

[Event "Early-Titled-Tuesday-Blitz-January-23-2024"]
[Site "Chess.com"]
[Date "2024.01.23"]
[Round "4"]
[White "Flawless_Fighter"]
[Black "Maus7"]
[Result "1-0"]
[WhiteElo "2721"]
[BlackElo "2525"]
[TimeControl "180+1"]
[EndTime "8:38:05 PST"]
[Termination "Flawless_Fighter won by resignation"]

1. e4 c6 2. d4 d5 3. e5 Bf5 4.
Nf3 e6 5. Be2 Nd7 6. O-O a5 7.
a4 Nh6 8. Bxh6 gxh6 9. h3 Bg7 10. Bd3 Bg6 11. c4 O-O 12. Nc3 f6 13. cxd5 cxd5 14. exf6 Qxf6 15. Bxg6 hxg6 16. Qe2 Ra6 17. Rad1 Rb6 18.
Nb5 g5 19. Rd3 h5 20. Nh2 Qg6 21. Re1 Rf4 22. b3 Rc6 23. Re3 Bxd4 24. Nxd4 Rxd4 25. Nf3 Re4 26. Rxe4 Qxe4 27. Qxe4 dxe4 28. Rxe4 Nc5 29. Re5 g4 30. Nd4 Rd6 31. Rxc5 Rxd4 32. Rxh5 Rb4 33.
hxg4 Rxb3 34. Rxa5 Kf7 35. Rb5 1-0

[Event "Early-Titled-Tuesday-Blitz-January-23-2024"]
[Site "Chess.com"]
[Date "2024.01.23"]
[Round "4"]
[White "ReinisUz"]
[Black "ArtemDyachuk"]
[Result "1-0"]
[WhiteElo "2442"]
[BlackElo "2608"]
[TimeControl "180+1"]
[EndTime "8:38:05 PST"]
[Termination "ReinisUz won by checkmate"]

1. c4 e6 2. Nc3 d5 3. d4 Nf6 4.
cxd5 exd5 5. Bg5 c6 6. Qc2 Be7 7. e3 h6 8. Bf4 Nh5 9. Be5 Nd7 10. Be2 Nxe5 11. dxe5 g6 12. Bxh5 gxh5 13. Nge2 Qc7 14. f4 Qb6 15. Nd4 Bd7 16. O-O-O Rg8 17. g3 Qa6 18. Kb1 h4 19. Nf5 Bb4 20. Nxh6 Rh8 21.
Nf5 Bxf5 22. Qxf5 Bxc3 23. bxc3 Qb6+ 24. Kc2 Qxe3 25. Rhe1 Qf2+ 26. Kb1 Qb6+ 27. Ka1 Qc5 28. Rd3 Qf2 29. Rde3 Kd8 30. e6 Kc7 31. Qe5+ Kb6 32. c4 hxg3 33. c5+ Ka6 34. Ra3+ Kb5 35. Rb1+ Kc4 36. Rc3# 1-0

[Event "Early-Titled-Tuesday-Blitz-January-23-2024"]
[Site "Chess.com"]
[Date "2024.01.23"]
[Round "4"]
[White "Ziyamammadov"]
[Black "pospisku"]
[Result "0-1"]
[WhiteElo "1906"]
[BlackElo "2302"]
[TimeControl "180+1"]
[EndTime "8:38:05 PST"]
[Termination "pospisku won by resignation"]

1. e4 e6 2. d4 d5 3. exd5 exd5 4. c4 dxc4 5. Nc3 Nf6 6. Nf3 Be7 7. Bxc4 O-O 8. O-O Nbd7 9. Bf4 Nb6 10. b3 c6 11. Qc2 Nxc4 12. bxc4 Be6 13. Qb3 b5 14. Ne5 Qxd4 15. Ne2 Qe4 16. Qe3 Bxc4 17. Nxc4 bxc4 18. Qxe4 Nxe4 19. Nd4 Bf6 20. Rae1 Nxf2 21. Nxc6 Nd3 22. Re4 Rac8 23. Nxa7 Ra8 24. Nb5 Nxf4 25. Rexf4 c3 26. R4f2 Rfb8 27. Nd6 Bd4 28. Ne4 Rxa2 0-1

[Event "Early-Titled-Tuesday-Blitz-January-23-2024"]
[Site "Chess.com"]
[Date "2024.01.23"]
[Round "4"]
[White "norwaytoadog"]
[Black "mortngabriel"]
[Result "0-1"]
[WhiteElo "2284"]
[BlackElo "2518"]
[TimeControl "180+1"]
[EndTime "8:38:06 PST"]
[Termination "mortngabriel won on time"]

1. e4 e5 2. Nf3 Nc6 3. Bb5 a6 4. Ba4 Nf6 5. O-O Be7 6. Re1 b5 7. Bb3 d6 8. c3 O-O 9. h3 Nb8 10. d4 Nbd7 11. Nbd2 Bb7 12. Bc2 Re8 13. Nf1 Bf8 14. Ng3 g6 15. a4 c5 16. d5 c4 17.
Bg5 Nc5 18. Qd2 Be7 19. Rf1 Nfd7 20. Bh6 bxa4 21. Bxa4 Nxa4 22. Rxa4 a5 23. Rfa1 Nc5 24. Rxc4 Nb3 25. Qd1 Nxa1 26. Qxa1 Ba6 27. Ra4 Bb5 28.
Ra3 a4 29. Nd2 Bg5 30. Bxg5 Qxg5 31. Qd1 Reb8 32. c4 Bd7 33. Nf3 Qd8 34. Qc2 Qc7 35.
Qc1 f6 36. Qh6 Be8 37. Nh4 Rxb2 38. Ngf5 Rb3 39. Ra2 a3 40. g4 Rb2 41. g5 fxg5 0-1

[Event "Early-Titled-Tuesday-Blitz-January-23-2024"]
[Site "Chess.com"]
[Date "2024.01.23"]
[Round "4"]
[White "KnobbedHornbill"]
[Black "K_A_S_T_O_R"]
[Result "0-1"]
[WhiteElo "2578"]
[BlackElo "2889"]
[TimeControl "180+1"]
[EndTime "8:38:08 PST"]
[Termination "K_A_S_T_O_R won by resignation"]

1. d4 Nf6 2. c4 e6 3. g3 c5 4. d5 exd5 5. cxd5 d6 6. Nc3 g6 7. Bg2 Bg7 8. Nf3 O-O 9. O-O Re8 10. Bf4 h6 11. Qc1 g5 12. Be3 Bf5 13. h4 g4 14.
Nd2 Kh7 15. Nc4 a6 16. Bf4 Bf8 17. a4 Qc7 18. Re1 Nbd7 19. e4 Bg6 20. Qd2 Nh5 21. Be3 Ne5 22. Nxe5 Rxe5 23. Kh2 Bg7 24. f3 gxf3 25. Bxf3 Nf6 26. Bf4 Nd7 27. g4 Kg8 28.
Bxh6 Bh8 29. Bf4 Re7 30. h5 Bh7 31. g5 Ne5 32. Qg2 Qb6 33. Rg1 Nxf3+ 34. Qxf3 Qxb2+ 35. Kh3 Qxc3 36. Qxc3 Bxc3 37. g6 Bxa1 38. gxh7+ Kxh7 39. Rxa1 Rxe4 40. Bxd6 Rd8 41. Bxc5 Rxd5 42. Bb6 Rd3+ 0-1

[Event "Early-Titled-Tuesday-Blitz-January-23-2024"]
[Site "Chess.com"]
[Date "2024.01.23"]
[Round "4"]
[White "EdmundPlayer"]
[Black "EvilMorty23"]
[Result "0-1"]
[WhiteElo "2253"]
[BlackElo "2509"]
[TimeControl "180+1"]
[EndTime "8:38:08 PST"]
[Termination "EvilMorty23 won on time"]

1. Nc3 d5 2. e4 dxe4 3. Nxe4 Nf6 4. Ng3 e5 5. Bc4 e4 6. d3 Bc5 7. Bg5 exd3 8. Qxd3 Bxf2+ 9. Kxf2 Ng4+ 10. Kf1 Qxg5 11. Nf3 Qc5 12. Re1+ Be6 13. Ne4 Qxc4 14. Nf6+ Nxf6 15.
Qxc4 O-O 16. Rxe6 fxe6 17. Qxe6+ Kh8 18. Ng5 h6 19. Nf7+ Kh7 20. Ke2 Nc6 21. Kd2 Rae8 22. Qc4 Re7 23. Re1 Rexf7 24. a4 Rd8+ 25. Kc1 Rfd7 26.
a5 Nd4 27. Qf1 Kh8 28. c3 Nb3+ 29. Kc2 Nxa5 30. Qf5 Nc4 31. Qe6 b5 32. Qc6 Rd2+ 33. Kc1 Nxb2 34. Re7 Rf2 35. Re1 Nd3+ 0-1

[Event "Early-Titled-Tuesday-Blitz-January-23-2024"]
[Site "Chess.com"]
[Date "2024.01.23"]
[Round "4"]
[White "brm72"]
[Black "chessS1r"]
[Result "1-0"]
[WhiteElo "2697"]
[BlackElo "2469"]
[TimeControl "180+1"]
[EndTime "8:38:09 PST"]
[Termination "brm72 won by resignation"]

1. e4 c6 2. d4 d5 3. e5 c5 4. dxc5 e6 5. a3 Bxc5 6. Nf3 f6 7. b4 Be7 8. c4 fxe5 9. Nxe5 Bf6 10. Bb2 Nd7 11. Qe2 Nxe5 12. Bxe5 Bxe5 13. Qxe5 Qf6 14. Qxf6 Nxf6 15. Nc3 Kf7 16. cxd5 exd5 17. O-O-O Bf5 18. f3 Rac8 19. Kb2 Rhd8 20. Bd3 Bxd3 21. Rxd3 Rd6 22. Rhd1 Rcd8 23. Nb5 Ra6 24. Kb3 Rb6 25. Nc3 Rbd6 26. a4 a6 27. a5 Ke6 28. Na4 Nd7 29. Re1+ Kf7 30. Rd4 Nb8 31. Nc5 Nc6 32. Rd3 Rb8 33. Red1 Ne7 34. g4 b5 35. h4 Rbd8 36. Nb7 R6d7 37. Nxd8+ Rxd8 38. Rc1 Rd6 39. Rc7 Ke6 40. Re3+ Kf6 41. Rexe7 1-0

[Event "Early-Titled-Tuesday-Blitz-January-23-2024"]
[Site "Chess.com"]
[Date "2024.01.23"]
[Round "4"]
[White "LangesNasenhaar"]
[Black "FoxOnTheRun97"]
[Result "0-1"]
[WhiteElo "2423"]
[BlackElo "2618"]
[TimeControl "180+1"]
[EndTime "8:38:09 PST"]
[Termination "FoxOnTheRun97 won on time"]

1. d4 e6 2. Nc3 Nf6 3. Bf4 d5 4. Nb5 Bb4+ 5. c3 Ba5 6. a4 a6 7. b4 Nc6 8. bxa5 axb5 9. axb5 Nxa5 10. Nf3 Bd7 11. e3 Nc4 12. Rxa8 Qxa8 13. Bxc4 dxc4 14. Bxc7 Nd5 15. Bd6 Nxc3 16. Qc1 Nxb5 17. Bb4 Qa4 18. Qxc4 Na3 19. Qc5 Qxb4+ 20. Qxb4 Nc2+ 21. Kd2 Nxb4 22. Rb1 Nc6 23. Rxb7 Ke7 24. e4 Rb8 25. Rxb8 Nxb8 26. Kc3 Bc6 27. Nd2 Nd7 28. f3 h5 29. h4 f6 30. Kd3 g5 31. g3 Nf8 32. hxg5 fxg5 33. Ke3 Kf6 34. Nc4 Ba4 35. f4 g4 36.
Ne5 Nd7 37. Nd3 Nb6 38. Nf2 Nc4+ 39. Kd3 Bb5 40. Kc3 Ne3 41. Kb4 Be2 0-1